 Dungeon Crawl Stone Soup version 0.21.1-1-g345015f (webtiles) character file.

1481 tidbits the Sneak (level 8, 0/58 HPs)
             Began as a Gnoll Enchanter on June 5, 2018.
             Slain by a killer bee (7 damage)
             ... on level 3 of the Dungeon.
             The game lasted 00:21:01 (1911 turns).

tidbits the Sneak (Gnoll Enchanter)                 Turns: 1911, Time: 00:21:02

Health: 0/58       AC:  9    Str: 11    XL:     8   Next: 79%
Magic:  2/17       EV: 15    Int: 19    God:
Gold:   127        SH:  0    Dex: 16    Spells: 10/19 levels left

rFire    . . .     SeeInvis .   b - +0 long sword
rCold    . . .     Gourm    .   (no shield)
rNeg     + . .     Faith    .   B - +1 leather armour {rN+}
rPois    .         Spirit   .   (no helmet)
rElec    .         Reflect  .   (no cloak)
rCorr    .         Harm     .   G - +1 pair of gloves
MR       .....                  F - +2 pair of boots
Stlth    +++.......             (no amulet)
HPRegen  0.19/turn              (no ring)
MPRegen  0.15/turn              (no ring)

@: lethally poisoned (0 -> -2)
A: distributed training, fangs 1, strong nose
a: no special abilities


You were on level 3 of the Dungeon.
You were not hungry.

You visited 1 branch of the dungeon, and saw 7 of its levels.
You also visited: Sewer.

You collected 257 gold pieces.
You spent 130 gold pieces at shops.

Inventory:

Hand Weapons
 a - a +1 dagger
 b - a +0 long sword (weapon)
 n - a +0 dagger of chaos
   (You took it off a crimson imp on level 3 of the Dungeon)
 t - a +0 shortbow
 z - a +0 rapier
 H - a +4 dire flail of holy wrath
   (You took it off Edmund on level 4 of the Dungeon)
Missiles
 k - 98 arrows
 A - 2 tomahawks of returning (quivered)
 D - 24 sling bullets
 I - 20 stones
 K - 2 tomahawks
Armour
 p - a +0 ring mail
 B - a +1 leather armour of positive energy (worn)
   (You took it off Edmund on level 4 of the Dungeon)
 F - a +2 pair of boots (worn)
 G - a +1 pair of gloves (worn)
 J - a +0 robe
Jewellery
 v - a +4 ring of protection {unknown}
   (You found it on level 6 of the Dungeon)
Wands
 C - a wand of iceblast (5)
Scrolls
 f - 3 scrolls of remove curse
 g - 2 scrolls of teleportation {unknown}
 h - 2 scrolls of enchant armour
 j - 3 scrolls of fear {unknown}
 m - a scroll of amnesia
 o - a scroll of fog {unknown}
 r - a scroll of vulnerability {unknown}
 u - a scroll of summoning {unknown}
 y - 2 scrolls of blinking {unknown}
Potions
 e - 2 potions of lignification {unknown}
 i - 4 potions of curing {unknown}
 l - a potion of brilliance {unknown}
 q - a potion of degeneration {unknown}
 s - a potion of heal wounds {unknown}
 w - a potion of agility {unknown}
 x - a potion of mutation {unknown}
Books
 d - a book of Maledictions

   Spells                             Type                      Level
   a - Corona                         Hexes                        1
   b - Ensorcelled Hibernation        Hexes/Ice                    2
   c - Confuse                        Hexes                        3
   d - Tukima's Dance                 Hexes                        3
   e - Dazzling Spray                 Conjuration/Hexes            3
 E - a book of Conjurations
   (You found it in a sewer)

   Spells                             Type                      Level
   a - Magic Dart                     Conjuration                  1
   b - Searing Ray                    Conjuration                  2
   c - Dazzling Spray                 Conjuration/Hexes            3
   d - Fulminant Prism                Conjuration/Hexes            4
   e - Force Lance                    Conjuration/Translocation    4
   f - Iskenderun's Mystic Blast      Conjuration                  4
Comestibles
 c - 2 rations


   Skills:
 + Level 3.5 Fighting
 + Level 4.4 Short Blades
 + Level 3.5 Long Blades
 + Level 3.5 Axes
 + Level 3.5 Maces & Flails
 + Level 3.5 Polearms
 + Level 3.5 Staves
 + Level 3.5 Slings
 + Level 3.5 Bows
 + Level 3.5 Crossbows
 + Level 3.5 Throwing
 + Level 3.5 Armour
 + Level 5.8 Dodging
 + Level 7.0 Stealth
 + Level 3.5 Shields
 + Level 3.5 Unarmed Combat
 + Level 6.2 Spellcasting
 + Level 2.9 Conjurations
 + Level 6.2 Hexes
 + Level 2.9 Charms
 + Level 2.9 Summonings
 + Level 2.9 Necromancy
 + Level 2.9 Translocations
 + Level 2.9 Transmutations
 + Level 2.9 Fire Magic
 + Level 2.9 Ice Magic
 + Level 2.9 Air Magic
 + Level 2.9 Earth Magic
 + Level 2.9 Poison Magic
 + Level 3.9 Invocations
 + Level 3.5 Evocations


You had 10 spell levels left.
You knew the following spells:

 Your Spells              Type           Power        Failure   Level  Hunger
a - Corona                Hex            ####...      1%          1    None
c - Confuse               Hex            ####....     3%          3    ##.....
d - Dazzling Spray        Conj/Hex       ###...       6%          3    ##.....
e - Ensorcelled Hibernat  Hex/Ice        ###...       3%          2    None


Dungeon Overview and Level Annotations

Branches:
Dungeon (7/15)
 Temple: D:4-7

Altars:
Fedhas
Makhleb
Nemelex Xobeh
Xom

Shops:
D:7 *


Innate Abilities, Weirdness & Mutations

Your experience applies equally to all skills.
You have very sharp teeth.
Your uncanny sense of smell can sniff out nearby items.


Message History

The killer bee is dazzled.
The spray of energy hits the killer bee.
The killer bee is heavily wounded.
The spray of energy hits the killer bee.
The killer bee is severely wounded.
You feel sick.
The killer bee stings you but does no damage.
The killer bee barely misses you. The killer bee stings you.
You are more poisoned.
The killer bee poisons you!
The killer bee buzzes angrily.
Unknown command.
Casting: Dazzling Spray
Confirm with . or Enter, or press ? or * to list all spells.
Aiming: Dazzling Spray
Press: ? - help, Shift-Dir - straight line, f - rat, p - killer bee
Aim: a rat The spray of energy hits the hound.
The hound is moderately wounded.
The spray of energy misses the killer bee. x2
You feel sick. The killer bee misses you. The killer bee stings you.
The hound bites you.
The killer bee stings you but does no damage.
The killer bee completely misses you. The hound barely misses you.
Unknown command.
Casting: Dazzling Spray
Confirm with . or Enter, or press ? or * to list all spells.
Aiming: Dazzling Spray
Press: ? - help, Shift-Dir - straight line, f/p - rat
Aim: a rat The spray of energy hits the hound.
The hound is almost dead.
The spray of energy hits the killer bee.
The killer bee is almost dead.
The spray of energy misses the killer bee.
You feel sick. The killer bee closely misses you. The killer bee stings you.
The killer bee misses you. The killer bee stings you.
* * * LOW HITPOINT WARNING * * *
The hound bites you but does no damage.
Unknown command.
Casting: Dazzling Spray
Confirm with . or Enter, or press ? or * to list all spells.
Aiming: Dazzling Spray
Press: ? - help, Shift-Dir - straight line, f/p - rat
Aim: a rat The spray of energy hits the hound.
You kill the hound!
The spray of energy hits the killer bee.
You kill the killer bee!
Your Stealth skill increases to level 7!
The spray of energy hits the killer bee.
You kill the killer bee!
You feel sick. The killer bee misses you.
Unknown command.
You closely miss the killer bee.
The killer bee is heavily wounded.
You feel sick. The killer bee misses you. The killer bee closely misses you.
You feel sick.
The killer bee is no longer blind.
The killer bee completely misses you.
There is a stone staircase leading down here.
b - a +0 long sword (weapon)
The killer bee closely misses you.
You completely miss the killer bee.
The killer bee is heavily wounded.
You feel sick.
The killer bee stings you but does no damage.
The killer bee misses you.
You riposte.
You miss the killer bee.
The killer bee is heavily wounded.
You miss the killer bee. Your bite misses the killer bee.
The killer bee is heavily wounded.
You feel sick.
The killer bee closely misses you. x2; You riposte.
You hit the killer bee. Your bite misses the killer bee.
The killer bee is severely wounded.
The killer bee barely misses you.
You riposte.
You miss the killer bee. Your punch misses the killer bee.
The killer bee is severely wounded.
You hit the killer bee but do no damage.
The killer bee is severely wounded.
The killer bee stings you.
* * * LOW HITPOINT WARNING * * *
The killer bee barely misses you.
You hit the killer bee.
The killer bee is almost dead.
You feel sick. The killer bee closely misses you.
The killer bee barely misses you.
You riposte.
You miss the killer bee.
The killer bee is almost dead.
The killer bee stings you but does no damage.
You hit the killer bee but do no damage.
Your punch misses the killer bee.
The killer bee is almost dead.
You feel sick. The killer bee closely misses you. The killer bee stings you.
* * * LOW HITPOINT WARNING * * *
You miss the killer bee.
The killer bee is almost dead.
You feel sick. The killer bee stings you.
* * * LOW HITPOINT WARNING * * *
The killer bee stings you!
* * * LOW HITPOINT WARNING * * *
The killer bee stings you!
You die...

#####...###...#
..............#..#
...P.P.####.#....##
...._..# ..#.....#
...P.P.# ##.#..#..#
.<.....# ........# #
.....#.# ....#...# ..#
..#.##.#.######..##....#
#.#.##..........@......+
#.#.####.######y###....#
#.#.# .# #..††.......#
#.#.# # #...........#
#.#.# #..........# #.#.#
#..........# #.#
#.........)#
......(....#
##/.........#


You could see a killer bee.

Vanquished Creatures
  Edmund (D:4)
  An ice beast (D:7)
  A phantom (D:7)
  An ogre (D:5)
  2 centaurs (D:7)
  3 bullfrogs
  A scorpion (D:6)
  2 killer bees (D:3)
  A howler monkey (D:5)
  2 crimson imps
  A quasit (D:6)
  An orc wizard (D:6)
  A hound (D:3)
  A jelly (D:5)
  An orc priest (D:4)
  A worker ant (D:5)
  A killer bee zombie (D:6)
  12 adders
  18 oozes (Sewer)
  2 adder zombies (D:2)
  21 leopard geckos
  6 orcs
  10 ball pythons
  3 bats
  18 giant cockroaches
  A hobgoblin (D:3)
  A kobold (D:3)
  10 frilled lizards
  A jackal skeleton (D:5)
  2 rats
127 creatures vanquished.

Notes
Turn   | Place    | Note
-------+----------+-------------------------------------------
     0 | D:1      | tidbits the Gnoll Enchanter began the quest for the Orb.
     0 | D:1      | Reached XP level 1. HP: 13/13 MP: 6/6
   203 | D:2      | Reached XP level 2. HP: 15/20 MP: 5/7
   207 | D:2      | Learned a level 2 spell: Ensorcelled Hibernation
   283 | D:3      | Found a blossoming altar of Fedhas.
   303 | D:3      | Reached XP level 3. HP: 9/25 MP: 5/9
   308 | D:3      | Learned a level 3 spell: Confuse
   312 | D:3      | Learned a level 3 spell: Dazzling Spray
   372 | D:3      | Found a burning altar of Makhleb.
   372 | D:3      | Found a shimmering altar of Xom.
   380 | D:3      | Reached skill level 1 in Fighting
   380 | D:3      | Reached skill level 1 in Long Blades
   380 | D:3      | Reached skill level 1 in Axes
   380 | D:3      | Reached skill level 1 in Maces & Flails
   380 | D:3      | Reached skill level 1 in Polearms
   380 | D:3      | Reached skill level 1 in Staves
   380 | D:3      | Reached skill level 1 in Slings
   380 | D:3      | Reached skill level 1 in Bows
   380 | D:3      | Reached skill level 1 in Crossbows
   380 | D:3      | Reached skill level 1 in Throwing
   380 | D:3      | Reached skill level 1 in Armour
   380 | D:3      | Reached skill level 6 in Stealth
   380 | D:3      | Reached skill level 1 in Shields
   380 | D:3      | Reached skill level 1 in Unarmed Combat
   380 | D:3      | Reached skill level 5 in Spellcasting
   380 | D:3      | Reached skill level 1 in Invocations
   380 | D:3      | Reached skill level 1 in Evocations
   380 | D:3      | Reached XP level 4. HP: 19/32 MP: 0/11
   538 | D:4      | Noticed Edmund
   540 | D:4      | You fall through a shaft for 2 floors!
   575 | D:7      | Reached skill level 1 in Conjurations
   575 | D:7      | Reached skill level 1 in Charms
   575 | D:7      | Reached skill level 1 in Summonings
   575 | D:7      | Reached skill level 1 in Necromancy
   575 | D:7      | Reached skill level 1 in Translocations
   575 | D:7      | Reached skill level 1 in Transmutations
   575 | D:7      | Reached skill level 1 in Fire Magic
   575 | D:7      | Reached skill level 1 in Ice Magic
   575 | D:7      | Reached skill level 1 in Air Magic
   575 | D:7      | Reached skill level 1 in Earth Magic
   575 | D:7      | Reached skill level 1 in Poison Magic
   598 | D:7      | Noticed a centaur
   605 | D:7      | Killed a centaur
   605 | D:7      | Reached skill level 3 in Short Blades
   605 | D:7      | Reached XP level 5. HP: 19/37 MP: 5/12
   610 | D:7      | Noticed a centaur
   613 | D:7      | Noticed a phantom
   617 | D:7      | Killed a centaur
   617 | D:7      | Reached skill level 2 in Invocations
   617 | D:7      | Reached XP level 6. HP: 13/44 MP: 4/13
   627 | D:7      | Killed a phantom
   627 | D:7      | Reached skill level 2 in Fighting
   627 | D:7      | Reached skill level 2 in Long Blades
   627 | D:7      | Reached skill level 2 in Axes
   627 | D:7      | Reached skill level 2 in Maces & Flails
   627 | D:7      | Reached skill level 2 in Polearms
   627 | D:7      | Reached skill level 2 in Staves
   627 | D:7      | Reached skill level 2 in Slings
   627 | D:7      | Reached skill level 2 in Bows
   627 | D:7      | Reached skill level 2 in Crossbows
   627 | D:7      | Reached skill level 2 in Throwing
   627 | D:7      | Reached skill level 2 in Armour
   627 | D:7      | Reached skill level 5 in Dodging
   627 | D:7      | Reached skill level 2 in Shields
   627 | D:7      | Reached skill level 2 in Unarmed Combat
   627 | D:7      | Reached skill level 2 in Evocations
   639 | D:7      | Noticed an ice beast
   644 | D:7      | Killed an ice beast
   644 | D:7      | Reached XP level 7. HP: 19/50 MP: 5/15
   772 | D:5      | Entered Level 5 of the Dungeon
   920 | D:7      | Found Looptoj's General Store.
   937 | D:7      | Bought a scroll of remove curse for 39 gold pieces
   937 | D:7      | Bought 4 tomahawks of returning for 52 gold pieces
   937 | D:7      | Bought a scroll of remove curse for 39 gold pieces
  1005 | D:6      | Reached skill level 2 in Conjurations
  1005 | D:6      | Reached skill level 2 in Charms
  1005 | D:6      | Reached skill level 2 in Summonings
  1005 | D:6      | Reached skill level 2 in Necromancy
  1005 | D:6      | Reached skill level 2 in Translocations
  1005 | D:6      | Reached skill level 2 in Transmutations
  1005 | D:6      | Reached skill level 2 in Fire Magic
  1005 | D:6      | Reached skill level 2 in Ice Magic
  1005 | D:6      | Reached skill level 2 in Air Magic
  1005 | D:6      | Reached skill level 2 in Earth Magic
  1005 | D:6      | Reached skill level 2 in Poison Magic
  1078 | D:6      | Found a glowing drain.
  1126 | Sewer    | Entered a sewer
  1317 | Sewer    | Reached skill level 3 in Invocations
  1444 | Sewer    | Reached skill level 6 in Hexes
  1444 | Sewer    | Reached XP level 8. HP: 57/57 MP: 11/16
  1445 | Sewer    | Reached skill level 4 in Short Blades
  1453 | Sewer    | Reached skill level 3 in Fighting
  1453 | Sewer    | Reached skill level 3 in Long Blades
  1453 | Sewer    | Reached skill level 3 in Axes
  1453 | Sewer    | Reached skill level 3 in Maces & Flails
  1453 | Sewer    | Reached skill level 3 in Polearms
  1453 | Sewer    | Reached skill level 3 in Staves
  1453 | Sewer    | Reached skill level 3 in Slings
  1453 | Sewer    | Reached skill level 3 in Bows
  1453 | Sewer    | Reached skill level 3 in Crossbows
  1453 | Sewer    | Reached skill level 3 in Throwing
  1453 | Sewer    | Reached skill level 3 in Armour
  1453 | Sewer    | Reached skill level 3 in Shields
  1453 | Sewer    | Reached skill level 3 in Unarmed Combat
  1453 | Sewer    | Reached skill level 3 in Evocations
  1739 | D:5      | Reached skill level 6 in Spellcasting
  1777 | D:4      | Killed Edmund
  1827 | D:4      | Found a sparkling altar of Nemelex Xobeh.
  1902 | D:3      | Reached skill level 7 in Stealth
  1911 | D:3      | Slain by a killer bee

Skill      XL: |  1  2  3  4  5  6  7  8 |
---------------+-------------------------+-----
Fighting       | 1 2 3 |  3.5
Long Blades    | 1 2 3 |  3.5
Axes           | 1 2 3 |  3.5
Maces & Flails | 1 2 3 |  3.5
Polearms       | 1 2 3 |  3.5
Staves         | 1 2 3 |  3.5
Slings         | 1 2 3 |  3.5
Bows           | 1 2 3 |  3.5
Crossbows      | 1 2 3 |  3.5
Throwing       | 1 2 3 |  3.5
Armour         | 1 2 3 |  3.5
Stealth        | 6 7 |  7.0
Shields        | 1 2 3 |  3.5
Unarmed Combat | 1 2 3 |  3.5
Spellcasting   | 5 6 |  6.2
Invocations    | 1 2 3 |  3.9
Evocations     | 1 2 3 |  3.5
Conjurations   | 1 2 |  2.9
Charms         | 1 2 |  2.9
Summonings     | 1 2 |  2.9
Necromancy     | 1 2 |  2.9
Translocations | 1 2 |  2.9
Transmutations | 1 2 |  2.9
Fire Magic     | 1 2 |  2.9
Ice Magic      | 1 2 |  2.9
Air Magic      | 1 2 |  2.9
Earth Magic    | 1 2 |  2.9
Poison Magic   | 1 2 |  2.9
Short Blades   | 3 4 |  4.4
Dodging        | 5 |  5.8
Hexes          | 6 |  6.2

Action                   |  1- 3 |  4- 6 |  7- 9 || total
-------------------------+-------+-------+-------++-------
Melee: Dagger            |    44 |    41 |    76 ||   161
       Bite              |     1 |     3 |    22 ||    26
       Long sword        |       |       |   105 ||   105
       Rapier            |       |       |    20 ||    20
       Punch             |       |       |     3 ||     3
Throw: Tomahawk          |       |       |    17 ||    17
 Cast: Corona            |     8 |     3 |     4 ||    15
       Ensorcelled Hiber |     2 |     4 |    39 ||    45
       Confuse           |     3 |     3 |     7 ||    13
       Dazzling Spray    |       |       |    16 ||    16
Evoke: Wand              |       |       |     3 ||     3
  Use: Scroll            |       |       |     2 ||     2
 Stab: Sleeping          |     5 |     5 |    27 ||    37
       Confused          |     1 |     3 |     2 ||     6
       Invisible         |       |       |     2 ||     2
  Eat: Chunk             |       |       |     5 ||     5
Armor: Robe              |     3 |     1 |    65 ||    69
       Leather armour    |       |       |     6 ||     6
Dodge: Dodged            |    34 |    18 |   214 ||   266
       Rpst.: Long sword |       |       |    45 ||    45

Table legend:
 A = Turns spent in this place as a percentage of turns spent in the entire game.
 B = Non-inter-level travel turns spent in this place as a percentage of non-inter-level travel turns spent in the entire game.
 C = Inter-level travel turns spent in this place as a percentage of turns spent in this place.
 D = Turns resting spent in this place as a percentage of non-inter-level travel turns spent in this place.
 E = Turns spent auto-exploring this place as a percentage of non-inter-level travel turns spent in this place.
 F = Non-inter-level travel turns spent in this place divided by the number of levels of this place that you've seen.
                   A       B       C       D       E      F
               +-------+-------+-------+-------+-------+----------------------
         Total | 100.0 | 100.0 |   0.0 |   0.0 |   0.0 | 238.9
       Dungeon |  81.5 |  81.5 |   0.0 |   0.0 |   0.0 | 222.4
         Sewer |  18.5 |  18.5 |   0.0 |   0.0 |   0.0 | 354.0
               +-------+-------+-------+-------+-------+----------------------

Table legend:
 A = Kills in this place as a percentage of kills in entire the game.
 B = Kills by you in this place as a percentage of kills by you in the entire game.
 C = Kills by friends in this place as a percentage of kills by friends in the entire game.
 D = Other kills in this place as a percentage of other kills in the entire game.
 E = Experience gained in this place as a percentage of experience gained in the entire game.
 F = Experience gained in this place divided by the number of levels of this place that you have seen.
                   A       B       C       D       E      F
               +-------+-------+-------+-------+-------+----------------------
         Total | 100.0 | 100.0 |   N/A | 100.0 | 100.0 | 264.5
       Dungeon |  47.2 |  46.8 |   N/A | 100.0 |  78.7 | 237.9
         Sewer |  52.8 |  53.2 |   N/A |   0.0 |  21.3 | 451.0
               +-------+-------+-------+-------+-------+----------------------

Vault maps used:
D:1:      dpeg_arrival_line_fractal
D:2:      serial_undead, serial_undead_e, serial_undead_e, serial_undead_e,
          serial_undead_c, serial_undead_e, serial_undead_a, serial_undead_b,
          serial_undead_b
D:3:      grunt_temple_overflow_champion_of_chaos, fedhas_altar_1
D:4:      lemuel_crystal_altar, first_ration, uniq_edmund
D:5:      minmay_temple_entry_fiery
D:6:      gup_sewer_entry_pipe
D:7:      serial_shops, shop_fountains
Sewer:    sewer_frog_island_02
